 Dungeon Crawl Stone Soup version 0.31-a0-521-gc7390f8997 (webtiles) character file.

Game seed: 13302132776742155036

124 Newt the Cutter (level 4, -3/37 HPs)
             Began as a Demonspawn Gladiator on Aug 10, 2023.
             Killed by divine providence
             ... invoked by an orc priest
              (13 damage)
             ... on level 3 of the Dungeon.
             The game lasted 00:02:02 (1580 turns).

Newt the Cutter (Demonspawn Gladiator)              Turns: 1580, Time: 00:02:03

Health: -3/37      AC:  7    Str: 16    XL:     4   Next: 81%
Magic:  4/4        EV: 12    Int: 15    God:
Gold:   96         SH:  0    Dex: 15    Spells: 3/3 levels left

rFire   . . .        h - +2 dagger (pain)
rCold   . . .        (no shield)
rNeg    . . .        b - +0 leather armour
rPois   .            c - +0 helmet
rElec   .            (no cloak)
rCorr   .            n - +2 pair of gloves
SInv    .            (no boots)
Will    .....        (no amulet)
Stlth   +            j - +6 ring of intelligence
HPRegen 0.26/turn    i - ring of wizardry
MPRegen 0.09/turn

%: wizardry (x1)
@: no status effects
A: demonic touch 1
a: no special abilities


You were on level 3 of the Dungeon.
You visited 1 branch of the dungeon, and saw 3 of its levels.

You collected 96 gold pieces.

Inventory:

Hand Weapons
 a - a +0 rapier
 h - a +2 dagger of pain (weapon)
Missiles
 d - 3 throwing nets (quivered)
Armour
 b - a +0 leather armour (worn)
 c - a +0 helmet (worn)
 n - a +2 pair of gloves (worn)
 v - a +0 pair of boots
Jewellery
 i - a ring of wizardry (right hand)
 j - a +6 ring of intelligence (left hand)
Wands
 s - a wand of digging (3)
 u - a wand of flame (21)
Scrolls
 l - a scroll of enchant armour
 o - a scroll of amnesia {unknown}
 p - 2 scrolls of identify
 t - a scroll of brand weapon {unknown}
Potions
 f - a potion of curing
 g - a potion of haste {unknown}
 k - a potion of mutation {unknown}
 m - a potion of enlightenment {unknown}
 q - a potion of heal wounds {unknown}
 r - 2 potions of lignification {unknown}


   Skills:
 + Level 3.9 Fighting
 - Level 4.0 Short Blades
 - Level 1.7 Throwing
 - Level 2.6 Dodging


You had 3 spell levels left.
You didn't know any spells.
Your spell library contained the following spells:

 Spells                   Type           Power      Damage    Failure   Level
 Portal Projectile        Hex/Tloc       0%         N/A       36%         3
 Tukima's Dance           Hex            0%         N/A       36%         3
 Iskenderun's Mystic Bla  Conj/Tloc      0%         2d3       75%         4


Dungeon Overview and Level Annotations

Branches:
Dungeon (3/15)

Altars:


Innate Abilities, Weirdness & Mutations

Your touch may inflict minor irresistible damage on your foes.


Message History

The orc is heavily wounded.
The orc hits you with a +0 hand axe. The orc misses you.
The orc attacks as you move away! The orc misses you.
The orc attacks as you move away! The orc hits you but does no damage.
You hit the orc.
The orc is severely wounded.
The orc closely misses you.
You closely miss the orc.
You touch the orc.
You kill the orc!
Throw: javelin
Press: ? - help, Shift-Dir - straight line, f - orc priest
Aim: an orc priest, wielding a +0 club and wearing a +0 leather armour (56% to hit)
You throw a javelin. The javelin completely misses the orc.
The javelin barely misses the orc priest.
The orc throws a boomerang.
The boomerang misses you.
The orc priest looks braver for a moment.
The orc closely misses you.
Unknown command.
You closely miss the orc. Your touch misses the orc. The orc barely misses you.
You hit the orc.
The orc is lightly wounded.
You hit the orc but do no damage.
The orc is lightly wounded.
The orc hits you but does no damage.
You hit the orc. Your touch misses the orc.
The orc is severely wounded.
The orc priest calls down the wrath of Beogh upon you.
Beogh smites you! The orc closely misses you.
You hit the orc.
The orc is almost dead.
The orc hits you with a +0 short sword.
* * * LOW HITPOINT WARNING * * *
You hit the orc.
You kill the orc!
The orc throws a boomerang.
The boomerang closely misses you. The orc hits you with a +0 falchion.
* * * LOW HITPOINT WARNING * * *
The orc priest mumbles some strange prayers to Beogh against you.
Beogh smites you!
You die...

.....#.##........###...##### ###
.....#.###.#.###.......†...####..
.....#.###..oo.o.........#......#
..!...........##...........######
.......###..####.#.#...#.###
.....### #.......#o#...#.# ######
##.######.#...#.#
#######.######o#...#.#
#.....(.....@o....(..###
#.######.#.##o##....[..#
#.....#...#.##.##.#
#.###.......#...#.# #.
#..#...#.......# #
#..##..#.....#.... .
#........##.##.#.#
....##.##............
....#...†.#..##..#. #


You could see an orc priest, an orc wizard and an orc.

Vanquished Creatures
  4 gnolls (D:2)
  3 adders
  2 worms (D:2)
  3 dart slugs
  3 orcs (D:3)
  A bat (D:2)
  5 endoplasms
  4 giant cockroaches
  4 goblins
  A hobgoblin (D:1)
  4 kobolds
  A quokka (D:2)
  5 ball pythons
  2 frilled lizards (D:1)
  4 rats (D:1)
46 creatures vanquished.

Notes
Turn   | Place    | Note
-------+----------+-------------------------------------------
     0 | D:1      | Newt the Demonspawn Gladiator began the quest for the Orb.
     0 | D:1      | Reached XP level 1. HP: 16/16 MP: 1/1
    99 | D:1      | Gained mutation: Your touch may inflict minor irresistible
                  | damage on your foes. [demonic ancestry]
    99 | D:1      | Reached XP level 2. HP: 6/23 MP: 2/2
   491 | D:1      | Reached skill level 3 in Short Blades
   836 | D:2      | Reached XP level 3. HP: 29/29 MP: 3/3
  1064 | D:2      | Reached skill level 4 in Short Blades
  1064 | D:2      | Reached XP level 4. HP: 15/35 MP: 4/4
  1580 | D:3      | Killed from afar by an orc priest

Illustrated notes

Levels and vault maps discovered:
D:1:      sevenhm_arrival_forest_fort_small_4, layout_basic,
          minmay_misc_feat_five
D:2:      layout_basic
D:3:      layout_loops_cross, hangedman_decor_clover_reticule, grunt_decor_cap,
          minmay_joined_circles

Skill      XL: |  1  2  3 |
---------------+----------+-----
Fighting       | 3 |  3.9
Short Blades   | 3 4 |  4.0
Throwing       | |  1.7
Dodging        | |  2.6

Action                     |  1- 3 |  4- 6 || total
---------------------------+-------+-------++-------
  Melee: Rapier            |    18 |       ||    18
         Dagger            |    64 |    38 ||   102
         Touch             |    11 |    11 ||    22
         Punch             |     1 |       ||     1
  Throw: Javelin           |     1 |     1 ||     2
    Use: Scroll            |     4 |       ||     4
   Stab: Sleeping          |     1 |       ||     1
 Armour: Leather armour    |    24 |    10 ||    34
  Dodge: Dodged            |    39 |    18 ||    57

Table legend: (Time is in decaauts)
 A = Elapsed time spent in this place.
 B = Non-inter-level travel time spent in this place.
 C = Inter-level travel time spent in this place.
 D = Time resting spent in this place.
 E = Time spent auto-exploring this place.
 F = Levels seen in this place.
 G = Mean time per level.
                   A        B        C        D        E       F      G
               +--------+--------+--------+--------+--------+-----+--------+
         Total |   1568 |   1518 |     50 |     11 |   1168 |   3 |  522.7 |
       Dungeon |   1568 |   1518 |     50 |     11 |   1168 |   3 |  522.7 |
               +--------+--------+--------+--------+--------+-----+--------+

Top non-repeatable levels by time:
     D:1: 806 daAuts
     D:2: 571 daAuts
     D:3: 190 daAuts
